 Dungeon Crawl Stone Soup version 0.29-a0-359-g541a27f54d (webtiles) character file.

Game seed: 10327364380311895717

86 Impy the Poker (level 4, -6/35 HPs)
             Began as a Demonspawn Gladiator on Apr 27, 2022.
             Killed by divine providence
             ... invoked by an orc priest
              (8 damage)
             ... on level 3 of the Dungeon.
             The game lasted 00:03:26 (1916 turns).

Impy the Poker (Demonspawn Gladiator)               Turns: 1916, Time: 00:03:28

Health: -6/35      AC:  2    Str: 16    XL:     4   Next: 26%
Magic:  4/4        EV: 13    Int:  7    God:
Gold:   57         SH:  0    Dex: 15    Spells: 3/3 levels left

rFire   + . .      SeeInvis .   a - +1 trident
rCold   + . .      Faith    .   (no shield)
rNeg    . . .      Spirit   .   b - +0 leather armour
rPois   +          Reflect  .   (helmet restricted)
rElec   +          Harm     .   g - +0 cloak
rCorr   +          Rampage  .   (no gloves)
Will    +....                   (no boots)
Stlth   +.........              (no amulet)
HPRegen 0.11/turn               (no ring)
MPRegen 0.09/turn               (no ring)

@: resistant
A: horns 1, deformed body, dopey 1, strong-willed 1
a: no special abilities


You were on level 3 of the Dungeon.
You visited 1 branch of the dungeon, and saw 3 of its levels.

You collected 57 gold pieces.

Inventory:

Hand Weapons
 a - a +1 trident (weapon)
Missiles
 d - a throwing net (quivered)
 e - a javelin
Armour
 b - a +0 leather armour (worn)
 c - a +0 helmet
 g - a +0 cloak (worn)
Scrolls
 h - a scroll of enchant weapon
 i - a scroll of identify


   Skills:
 + Level 3.1 Fighting
 + Level 3.4 Polearms
 - Level 1.7 Throwing
 + Level 3.4 Dodging


You had 3 spell levels left.
You didn't know any spells.
Your spell library contained the following spells:

 Spells                   Type           Power      Damage    Failure   Level
 Foxfire                  Conj/Fire      0%         2x1d4     50%         1
 Ignite Poison            Fire/Tmut/Pois 0%         N/A       86%         3
 Flame Wave               Conj/Fire      0%         2d4       99%         4
 Olgreb's Toxic Radiance  Pois           0%         N/A       99%         4
 Metabolic Englaciation   Hex/Ice        0%         N/A       100%        5
 Ozocubu's Refrigeration  Ice            0%         4d5       100%        7
 Ignition                 Fire           0%         3d3       100%        8


Dungeon Overview and Level Annotations

Branches:
Dungeon (3/15)

Altars:
Elyvilon


Innate Abilities, Weirdness & Mutations

You have a pair of small horns on your head.
Armour fits poorly on your strangely shaped body.
You are dopey. (Int -2)
You are strong-willed. (Will+)


Message History

The adder poisons you!
You miss the adder.
The adder is moderately wounded.
You feel sick. The adder bites you.
* * * LOW HITPOINT WARNING * * *
The adder bites you.
* * * LOW HITPOINT WARNING * * *
You are lethally poisoned!
The adder poisons you!
You feel better. The adder bites you but does no damage.
An orc comes into view. It is wielding a +0 short sword.
The orc attacks as you move away! The orc completely misses you.
The orc shouts!
The adder bites you.
The orc priest calls down the wrath of Beogh upon you.
Beogh smites you!
* * * LOW HITPOINT WARNING * * *
The adder bites you but does no damage.
You feel protected. The adder bites you.
* * * LOW HITPOINT WARNING * * *
Unknown command.
You puncture the adder!
You kill the adder!
Throw: 2 throwing nets
Press: ? - help, Q - select action, (/) - cycle Shift-Dir - straight line, f - orc priest
Aim: an orc priest, wielding a +0 dagger and wearing a +0 leather armour (59% to hit)
You throw a throwing net. The throwing net hits the orc priest.
The orc priest is caught in the net!
The orc priest struggles against the net.
You puncture the orc priest!
The orc priest is heavily wounded.
The orc priest struggles against the net.
You strike the helpless orc priest from behind!
You hit the orc priest but do no damage.
The orc priest is heavily wounded.
You hear the slow rusting of a drain nearby.
The orc priest invokes the aid of Beogh against you.
Beogh smites you!
You die...

### #.. ..# #o#
#####S# ...#.#
#.#S######.#
#.##..oo@...).#
#......########
...####.# . #.#
#.# ...####.###
..........#
....#####.# ..
#.# #.#


You could see an orc priest (caught), an orc and a ball python.

Vanquished Creatures
  An iguana (D:2)
  2 adders
  A worm (D:2)
  3 dart slugs
  2 ball pythons (D:2)
  A bat (D:1)
  4 endoplasms
  2 giant cockroaches
  3 goblins
  3 hobgoblins (D:2)
  A kobold (D:2)
  4 quokkas
  3 frilled lizards
  2 rats
32 creatures vanquished.

Notes
Turn   | Place    | Note
-------+----------+-------------------------------------------
     0 | D:1      | Impy the Demonspawn Gladiator began the quest for the Orb.
     0 | D:1      | Reached XP level 1. HP: 16/16 MP: 1/1
   186 | D:1      | Gained mutation: You have a pair of small horns on your
                  | head. [demonic ancestry]
   186 | D:1      | Reached XP level 2. HP: 22/22 MP: 2/2
   391 | D:1      | Found a faded altar of an unknown god.
  1009 | D:2      | Got the Guide on Congealing Intoxication
  1184 | D:2      | Gained mutation: Armour fits poorly on your strangely
                  | shaped body. [potion of mutation]
  1184 | D:2      | Gained mutation: You are strong-willed. (Will+) [potion of
                  | mutation]
  1184 | D:2      | Gained mutation: You are dopey. (Int -2) [potion of
                  | mutation]
  1316 | D:2      | Reached XP level 3. HP: 28/28 MP: 3/3
  1332 | D:2      | Got the Disquisition on the Toxic Volcanoes
  1467 | D:2      | Reached XP level 4. HP: 15/34 MP: 4/4
  1916 | D:3      | Killed from afar by an orc priest

Illustrated notes

Levels and vault maps discovered:
D:1:      lightli_arrival_chessboard, layout_rooms, basic_ecumenical_altar,
          minmay_pentomino_o2
D:2:      layout_basic, basic_altar, chequers_serial_rivers_small_a
D:3:      cheibrodos_helix_gallery, layout_loops_ring, gup_sewer_entry_bubbles,
          minivault_5, kennysheep_generic_room_4

Skill      XL: |  1  2  3  4 |
---------------+-------------+-----
Dodging        | 3 |  3.4
Polearms       | 3 |  3.4
Fighting       | 3 |  3.1
Throwing       | |  1.7

Action                   |  1- 3 |  4- 6 || total
-------------------------+-------+-------++-------
Melee: Trident           |    67 |    22 ||    89
       Headbutt          |    10 |     2 ||    12
Throw: Throwing net      |     2 |     2 ||     4
  Use: Potion            |     5 |     2 ||     7
       Scroll            |     4 |       ||     4
 Stab: Sleeping          |     2 |       ||     2
       Held in net/web   |     2 |     1 ||     3
Armor: Leather armour    |    10 |     3 ||    13
       Skin              |     2 |       ||     2
Dodge: Dodged            |    25 |    11 ||    36

Table legend: (Time is in decaauts)
 A = Elapsed time spent in this place.
 B = Non-inter-level travel time spent in this place.
 C = Inter-level travel time spent in this place.
 D = Time resting spent in this place.
 E = Time spent auto-exploring this place.
 F = Levels seen in this place.
 G = Mean time per level.
                   A        B        C        D        E       F      G
               +--------+--------+--------+--------+--------+-----+--------+
         Total |   1931 |   1826 |    105 |     33 |   1546 |   3 |  643.7 |
       Dungeon |   1931 |   1826 |    105 |     33 |   1546 |   3 |  643.7 |
               +--------+--------+--------+--------+--------+-----+--------+

Top non-repeatable levels by time:
     D:2: 1018 daAuts
     D:1: 864 daAuts
     D:3: 49 daAuts
